 Dungeon Crawl Stone Soup version 0.30.0-5-g1a98f26d00 (webtiles) character file.

Game seed: 15986553372095562761

88 Irreverend the Trooper (level 4, -6/50 HPs)
             Began as an Ogre Berserker on May 10, 2023.
             Was a Believer of Trog.
             Killed by divine providence
             ... invoked by an orc priest
              (11 damage)
             ... on level 3 of the Dungeon.
             The game lasted 00:02:38 (2014 turns).

Irreverend the Trooper (Ogre Berserker)             Turns: 2014, Time: 00:02:39

Health: -6/50      AC:  3    Str: 23    XL:     4   Next: 54%
Magic:  4/4        EV: 10    Int:  8    God:    Trog [**....]
Gold:   109        SH:  0    Dex:  8    Spells: 3/3 levels left

rFire   . . .        a - +0 spear
rCold   . . .        (no shield)
rNeg    . . .        b - +0 animal skin
rPois   .            (helmet restricted)
rElec   .            (no cloak)
rCorr   .            (gloves unavailable)
SInv    .            (boots unavailable)
Will    .....        (no amulet)
Stlth   +            (no ring)
HPRegen 0.28/turn    (no ring)
MPRegen 0.09/turn

%: no passive effects
@: no status effects
A: large, unfitting armour, tough skin 1
a: Renounce Religion, Berserk, Trog's Hand


You were on level 3 of the Dungeon.
You worshipped Trog.
Trog was pleased with you.
You visited 1 branch of the dungeon, and saw 3 of its levels.

You collected 109 gold pieces.

Inventory:

Hand Weapons
 a - a +0 spear (weapon)
Armour
 b - a +0 animal skin (worn)
Scrolls
 e - 3 scrolls of teleportation {unknown}
 f - 3 scrolls of immolation {unknown}
 i - 4 scrolls of identify {unknown}
 j - a scroll of blinking {unknown}
 l - a scroll of enchant weapon {unknown}
 m - a scroll of poison {unknown}
Potions
 c - a potion of lignification {unknown}
 d - 2 potions of haste {unknown}
 g - a potion of might {unknown}
 h - a potion of invisibility {unknown}
 k - a potion of heal wounds {unknown}
 n - a potion of brilliance {unknown}
 o - a potion of curing {unknown}
 p - a potion of attraction {unknown}


   Skills:
 + Level 5.1 Fighting
 + Level 3.8 Polearms
 + Level 3.4 Dodging


You had 3 spell levels left.
You didn't know any spells.
Your spell library was empty.

Dungeon Overview and Level Annotations

Branches:
Dungeon (3/15)

Altars:


Innate Abilities, Weirdness & Mutations

You are too large for most types of armour.
You have tough skin. (AC +1)


Message History

The orc is heavily wounded.
The orc priest calls upon Beogh to heal the orc.
The orc's wounds heal themselves!
The orc barely misses you.
You barely miss the orc. The orc hits you but does no damage.
You barely miss the orc.
The orc priest begins to cast a cantrip, but forgets the words!
The orc hits you with a +0 short sword.
You hit the orc but do no damage. The orc hits you but does no damage.
You barely miss the orc. The orc barely misses you.
You hit the orc.
The orc is almost dead.
The orc priest calls upon Beogh to heal the orc.
The orc is healed somewhat.
The orc hits you with a +0 short sword.
You hit the orc.
The orc is moderately wounded.
You hit the orc.
The orc is severely wounded.
The orc barely misses you.
You barely miss the orc.
The orc is severely wounded.
The orc priest mumbles some strange prayers to Beogh against you.
Beogh smites you!
* * * LOW HITPOINT WARNING * * *
The orc barely misses you.
You hit the orc.
The orc is almost dead.
The orc hits you with a +0 short sword.
* * * LOW HITPOINT WARNING * * *
You barely miss the orc.
The orc is almost dead.
The orc closely misses you.
You hit the orc but do no damage.
The orc is almost dead.
The orc hits you but does no damage.
You hit the orc.
You kill the orc!
Trog accepts your kill.
The orc priest calls down the wrath of Beogh upon you.
Beogh smites you!
You die...

### ### ##.# #####.#####
##...
#..†......########....
..###..###.#...........
##†###.(...........
#.†...............
##..#####@####.#.#...##..#
#.....)o)## #.#|#.#..<...
#......)## #.#.#.###....
#.......# #.#.#...._...
#.......# #.#.........†
#.......# #.##...###...
........# #............
#..>....# ### ...#####.
####.##.# ... #.


You could see an orc priest.

Vanquished Creatures
  2 adders (D:2)
  A worm (D:2)
  2 dart slugs
  4 orcs (D:3)
  3 ball pythons
  4 endoplasms
  2 giant cockroaches
  4 goblins
  3 hobgoblins
  8 jackals
  4 quokkas
  6 bats
  A frilled lizard (D:1)
  10 kobolds
  3 rats
57 creatures vanquished.

Notes
Turn   | Place    | Note
-------+----------+-------------------------------------------
     0 | D:1      | Irreverend the Ogre Berserker began the quest for the Orb.
     0 | D:1      | Reached XP level 1. HP: 24/24 MP: 1/1
    97 | D:1      | Reached XP level 2. HP: 32/32 MP: 2/2
   537 | D:1      | Reached ** piety under Trog
   600 | D:1      | Reached XP level 3. HP: 40/40 MP: 3/3
  1658 | D:2      | Reached XP level 4. HP: 48/49 MP: 4/4
  1677 | D:2      | Reached skill level 5 in Fighting
  1854 | D:3      | Found a faded altar of an unknown god.
  2014 | D:3      | Killed from afar by an orc priest

Illustrated notes

Levels and vault maps discovered:
D:1:      erik_arrival_cave_to_civilisation [erik_arrival_cave_to_hall],
          layout_basic
D:2:      layout_loops_corners
D:3:      layout_loops_ring, jmf_multi_god_temple, basic_ecumenical_altar

Skill      XL: |  1  2  3  4 |
---------------+-------------+-----
Dodging        | 3 |  3.4
Fighting       | 5 |  5.1
Polearms       | |  3.8

Action                     |  1- 3 |  4- 6 || total
---------------------------+-------+-------++-------
  Melee: Spear             |   127 |   109 ||   236
         Punch             |       |     1 ||     1
 Armour: Animal skin       |    34 |    25 ||    59
  Dodge: Dodged            |    57 |    43 ||   100
